 Dungeon Crawl Stone Soup version 0.31-a0-986-g5e6e4ef867 (webtiles) character file.

Game seed: 1447312494107439720

80 wildpjah the Sneak (level 4, -1/23 HPs)
             Began as a Spriggan Brigand on Nov 21, 2023.
             Slain by an orc
             ... wielding a +0 hand axe
              (5 damage)
             ... on level 2 of the Dungeon.
             The game lasted 00:02:27 (1695 turns).

wildpjah the Sneak (Spriggan Brigand)               Turns: 1695, Time: 00:02:28

Health: -1/23      AC:  3    Str:  7    XL:     4   Next: 18%
Magic:  5/5        EV: 17    Int: 12    God:
Gold:   102        SH:  0    Dex: 18    Spells: 3/3 levels left

rFire   . . .        a - +2 dagger
rCold   . . .        (no shield)
rNeg    . . .        b - +0 robe
rPois   +            (helmet restricted)
rElec   .            c - +0 cloak
rCorr   .            (gloves unavailable)
SInv    +            (boots unavailable)
Will    .....        (no amulet)
Stlth   ++++         g - ring of poison resistance
HPRegen 0.23/turn    (no ring)
MPRegen 0.09/turn

%: no passive effects
@: very quick
A: very small, no large weapons, unfitting armour, see invisible, speed 3
a: no special abilities


You were on level 2 of the Dungeon.
You visited 1 branch of the dungeon, and saw 3 of its levels.

You collected 102 gold pieces.

Inventory:

Hand Weapons
 a - a +2 dagger (weapon)
Missiles
 d - 9 poisoned darts (quivered)
 e - 3 curare-tipped darts
Armour
 b - a +0 robe (worn)
 c - a +0 cloak (worn)
Jewellery
 g - a ring of poison resistance (left hand)
Scrolls
 h - 3 scrolls of identify {unknown}
 j - a scroll of teleportation {unknown}
 k - a scroll of immolation {unknown}
 n - a scroll of enchant armour {unknown}
 o - a scroll of noise {unknown}
 q - a scroll of butterflies {unknown}
Potions
 f - 2 potions of degeneration {unknown}
 i - a potion of cancellation {unknown}
 l - a potion of enlightenment {unknown}
 m - 2 potions of lignification {unknown}
 p - a potion of attraction {unknown}
 r - 2 potions of heal wounds {unknown}


   Skills:
 * Level 2.0 Fighting
 + Level 2.7 Short Blades
 + Level 2.0 Throwing
 * Level 2.2 Dodging
 + Level 7.7 Stealth


You had 3 spell levels left.
You didn't know any spells.
Your spell library contained the following spells:

 Spells                   Type           Power      Damage    Failure   Level
 Freeze                   Ice            0%         1d3       32%         1
 Poisonous Vapours        Pois/Air       0%         N/A       45%         2
 Frozen Ramparts          Ice            0%         1d1       69%         3
 Hailstorm                Conj/Ice       0%         3d3       69%         3
 Mephitic Cloud           Conj/Pois/Air  0%         N/A       69%         3
 Freezing Cloud           Conj/Ice/Air   0%         6-21      100%        5


Dungeon Overview and Level Annotations

Branches:
Dungeon (3/15)

Altars:


Innate Abilities, Weirdness & Mutations

You are very small and have problems with some larger weapons.
You are too small for most types of armour.
You have supernaturally acute eyesight. (SInv)
You cover ground extremely quickly. (Speed+++)


Message History

You climb upwards.
There is a stone staircase leading down here.
You start resting.
HP restored.
There is an escape hatch in the floor here.
There is a stone staircase leading down here.
You climb downwards.
The orc priest hits you with a +0 mace. The orc hits you but does no damage.
There is a stone staircase leading up here.
The orc barely misses you. The orc priest barely misses you.
The orc completely misses you. The rat misses you.
You climb upwards.
There is a stone staircase leading down here.
You hit the orc priest.
The orc priest is moderately wounded.
The orc hits you with a +0 hand axe. The orc priest closely misses you.
You hit the orc priest.
The orc priest is heavily wounded.
The orc misses you. The orc priest barely misses you.
You barely miss the orc priest.
The orc priest is heavily wounded.
You hit the orc priest.
The orc priest is severely wounded.
The orc completely misses you. The orc priest hits you with a +0 mace.
You hit the orc priest.
The orc priest is almost dead.
The orc closely misses you.
The orc priest calls down the wrath of Beogh upon you.
Pain shoots through your body!
Ouch! That really hurt!
* * * LOW HITPOINT WARNING * * *
You hit the orc priest but do no damage.
The orc priest is almost dead.
The orc misses you.
The orc priest invokes the aid of Beogh against you.
You struggle to resist.
You hit the orc priest.
You kill the orc priest!
The orc hits you with a +0 hand axe.
You die...

####.###........##........##..#
.............##.##........#..##
###.#>.#####.##.##........#.##
..#.#..#####.##.##........#.#
..#.#.....##.##.##########..#
.<#.#.###....##.......####.#####
.)....# ###....######.#........#
......# ##.#r######...##.....#
......# #..o)@o....####.....##
......# ##########.# #.......
......# #.# #....... ......# #.#
#....... ......###############.#
#....... ......................#
#....... #######################
###..... #..... #.<...


You could see 2 orcs and a rat.

Vanquished Creatures
  An orc priest (D:2)
  A gnoll (D:1)
  3 adders (D:2)
  2 dart slugs
  2 endoplasms
  2 giant cockroaches
  6 goblins
  5 hobgoblins
  4 kobolds (D:1)
  A quokka (D:1)
  4 ball pythons
  3 bats
  2 frilled lizards
  4 rats (D:1)
40 creatures vanquished.

Notes
Turn   | Place    | Note
-------+----------+-------------------------------------------
     0 | D:1      | wildpjah the Spriggan Brigand began the quest for the Orb.
     0 | D:1      | Reached XP level 1. HP: 10/10 MP: 2/2
    59 | D:1      | Reached skill level 6 in Stealth
    71 | D:1      | Reached XP level 2. HP: 15/15 MP: 3/3
   398 | D:1      | Reached skill level 7 in Stealth
   599 | D:1      | Reached XP level 3. HP: 15/18 MP: 4/4
  1210 | D:2      | Reached XP level 4. HP: 12/23 MP: 5/5
  1695 | D:2      | Slain by an orc

Illustrated notes

Levels and vault maps discovered:
D:1:      nzn_arrival_depleted_hourglass, layout_loops_corners, serial_glass,
          glass_columns_b, glass_columns_a
D:2:      layout_basic
D:3:      layout_rooms, shapermc_ecumenical_altar_mp_highgroup,
          minmay_misc_feat_enclosed

Skill      XL: |  1  2  3  4 |
---------------+-------------+-----
Stealth        | 6 7 |  7.7
Dodging        | 2 |  2.2
Fighting       | 2 |  2.0
Short Blades   | |  2.7
Throwing       | |  2.0

Action                     |  1- 3 |  4- 6 || total
---------------------------+-------+-------++-------
  Melee: Dagger            |    87 |    30 ||   117
   Stab: Sleeping          |    10 |     1 ||    11
         Distracted        |     1 |       ||     1
 Armour: Robe              |    25 |    12 ||    37
  Dodge: Dodged            |    47 |    23 ||    70

Table legend: (Time is in decaauts)
 A = Elapsed time spent in this place.
 B = Non-inter-level travel time spent in this place.
 C = Inter-level travel time spent in this place.
 D = Time resting spent in this place.
 E = Time spent auto-exploring this place.
 F = Levels seen in this place.
 G = Mean time per level.
                   A        B        C        D        E       F      G
               +--------+--------+--------+--------+--------+-----+--------+
         Total |   1157 |   1124 |     33 |     48 |    838 |   3 |  385.7 |
       Dungeon |   1157 |   1124 |     33 |     48 |    838 |   3 |  385.7 |
               +--------+--------+--------+--------+--------+-----+--------+

Top non-repeatable levels by time:
     D:1: 619 daAuts
     D:2: 473 daAuts
     D:3: 65 daAuts
